 Dungeon Crawl Stone Soup version 0.29.1-15-g9cfb28693d (webtiles) character file.

Game seed: 5011535994789467552

2177 Barneous the Sneak (level 9, 0/53 HPs)
             Began as an Octopode Wanderer on Mar 24, 2023.
             Was a Follower of Sif Muna.
             Slain by a sky beast (5 damage)
             ... on level 7 of the Dungeon.
             The game lasted 00:28:24 (6887 turns).

Barneous the Sneak (Octopode Wanderer)              Turns: 6887, Time: 00:28:26

Health: 0/53       AC:  3    Str:  8    XL:     9   Next: 32%
Magic:  10/16      EV: 14    Int: 25    God:    Sif Muna [*.....]
Gold:   104        SH:  0    Dex: 14    Spells: 5/18 levels left

rFire   . . .      SeeInvis .   a - +2 dagger (venom)
rCold   . . .      Faith    .   (no shield)
rNeg    . . .      Spirit   .   o - +2 hat
rPois   .          Reflect  .   (no amulet)
rElec   .          Harm     .   l - +6 ring of intelligence
rCorr   .          Rampage  .   e - ring of wizardry
Will    .....                   (no ring)
Stlth   +++++.....              (no ring)
HPRegen 0.17/turn               (no ring)
MPRegen 0.15/turn               (no ring)
                                (no ring)
                                (no ring)

@: hasted, very quick
A: almost no armour, amphibious, 8 rings, camouflage 1, gelatinous body 1,
(nimble swimmer 1), tentacles
a: Renounce Religion, Channel Magic


You were on level 7 of the Dungeon.
You worshipped Sif Muna.
Sif Muna was aware of your devotion.
You visited 2 branches of the dungeon, and saw 9 of its levels.

You collected 494 gold pieces.
You spent 390 gold pieces at shops.

Inventory:

Hand Weapons
 a - a +2 dagger of venom (weapon)
Missiles
 r - 2 throwing nets
Armour
 o - a +2 hat (worn)
Jewellery
 e - a ring of wizardry (right tentacle)
 l - a +6 ring of intelligence (left tentacle)
Wands
 d - a wand of iceblast (23)
 n - a wand of paralysis (5)
Scrolls
 b - 9 scrolls of teleportation
 f - a scroll of blinking
Potions
 g - a potion of resistance {unknown}
 h - a potion of degeneration {unknown}
 i - a potion of magic {unknown}
 j - a potion of flight
 k - a potion of cancellation {unknown}
 m - 2 potions of berserk rage


   Skills:
 + Level 1.4 Fighting
 * Level 4.2 Short Blades
 + Level 3.6 Dodging
 * Level 7.4 Stealth
 * Level 3.9 Unarmed Combat
 + Level 5.0 Spellcasting
 * Level 5.7 Conjurations
 + Level 0.2 Fire Magic
 + Level 5.1 Air Magic
 + Level 0.7 Evocations


You had 5 spell levels left.
You knew the following spells:

 Your Spells              Type           Power      Damage    Failure   Level
a - Shock                 Conj/Air       100%       1d9       1%          1
b - Foxfire               Conj/Fire      84%        2x1d8     1%          1
c - Airstrike             Air            16%        2d(3-19)  4%          4
d - Conjure Flame         Conj/Fire      21%        6-21      2%          3
e - Flame Wave            Conj/Fire      21%        2d8       10%         4

Your spell library contained the following spells:

 Spells                   Type           Power      Damage    Failure   Level
 Static Discharge         Conj/Air       33%        3-8/arc   1%          2
 Swiftness                Air            32%        N/A       1%          3
 Iskenderun's Battlesphe  Conj           35%        2d9       9%          5
 Inner Flame              Hex/Fire       6%         N/A       10%         3
 Iron Shot                Conj/Erth      10%        9d3       80%         6
 Spellforged Servitor     Conj/Summ      10%        N/A       100%        7


Dungeon Overview and Level Annotations

Branches:
Dungeon (8/15)             Temple (1/1) D:4
   Lair: D:8-11

Altars:
Ashenzari
Dithmenos
Elyvilon
Fedhas
Gozag
Hepliaklqana
Kikubaaqudgha
Makhleb
Okawaru
Sif Muna
Uskayaw
Wu Jian
Xom
Yredelemnul
Zin
The Shining One

Shops:
D:2 (   D:4 =

Annotations:
D:3 3 runed translucent doors, Barneous's ghost, amateur DrWn


Innate Abilities, Weirdness & Mutations

You cannot wear most types of armour.
You are amphibious.
You can wear up to eight rings at the same time.
Your skin changes colour to match your surroundings (Stealth+).
Your rubbery body absorbs attacks. (AC +1, EV +1)
((You are camouflaged when in or above water. (Stealth+)))
You have tentacles for arms and can constrict up to eight enemies at once.


Message History

a +0 war axe; a +0 chain mail; an orc corpse You closely miss something.
The orc hits you with a +0 short sword. Something hits you.
Something shocks you.
You hit the orc.
The orc is poisoned.
You grab the orc.
The orc is almost dead.
You constrict the orc.
You kill the orc!
Sif Muna accepts your kill.
You hit the orc.
The orc is poisoned.
You grab the orc.
The orc is heavily wounded.
You constrict the orc, but do no damage.
You kill the orc!
Sif Muna accepts your kill.
Aiming: Shock (safe; 1% risk of failure)
Press: ? - help, Q - select action, (/) - cycle Shift-Dir - straight line
Okay, then.
Something hits you but does no damage.
You miss something. Your squeeze misses something. Something hits you.
Something shocks you.
* * * LOW HITPOINT WARNING * * *
You hit something but do no damage.
You feel yourself speed up.
A sky beast appears from thin air!
Reactivating autopickup.
The sky beast hits you.
* * * LOW HITPOINT WARNING * * *
The sky beast shocks you.
* * * LOW HITPOINT WARNING * * *
You closely miss the sky beast. You squeeze the sky beast.
The sky beast is lightly wounded.
The sky beast closely misses you.
You miss the sky beast.
The sky beast is lightly wounded.
You hit the sky beast.
The sky beast looks as sick as possible!
You squeeze the sky beast, but do no damage.
The sky beast is lightly wounded.
The sky beast hits you.
* * * LOW HITPOINT WARNING * * *
The sky beast shocks you.
You die...

#######.........# #†#
# #.........# ##.# #
#.........####..######
#..................[..
######.###.........)##
#...........##..#
#.....#.....###.#
##.##.........# .#
#@.####..........#
#Y## #........#(# #)#
#........#.. #..#
...## ..... .....).
###.... .....


You could see a sky beast (extremely poisoned).

Vanquished Creatures
  A hornet (D:6)
  Edmund (D:4)
  An orc warrior (D:7)
  A black bear (D:5)
  An ogre (D:5)
  4 centaurs
  A necrophage (D:5)
  2 bullfrogs
  4 scorpions
  5 wights
  4 hounds
  2 orc priests
  Ijyb (D:3)
  5 iguanas
  Robin (D:3)
  3 gnolls (D:4)
  10 adders
  A shadow imp (D:6)
  A white imp (D:6)
  2 ufetubi
  A worm (D:2)
  A dart slug (D:1)
  12 orcs
  9 endoplasms
  4 giant cockroaches
  17 goblins
  10 hobgoblins
  7 jackals
  5 quokkas
  6 ball pythons
  4 bats
  5 frilled lizards
  9 kobolds
  4 rats
145 creatures vanquished.

Vanquished Creatures (others)
  An orc (D:3)
  26 foxfires
27 creatures vanquished.

Grand Total: 172 creatures vanquished

Notes
Turn   | Place    | Note
-------+----------+-------------------------------------------
     0 | D:1      | Barneous the Octopode Wanderer began the quest for the Orb.
     0 | D:1      | Barneous set off with the following items: a +0 dagger, a
                  | scroll of teleportation, a +0 hat; and the following spell
                  | memorised: Shock; and the following spells available to
                  | memorise: Static Discharge, Airstrike.
     0 | D:1      | Reached XP level 1. HP: 11/11 MP: 4/4
     9 | D:1      | Learned a level 1 spell: Foxfire
   172 | D:1      | Reached XP level 2. HP: 17/17 MP: 0/6
   916 | D:2      | Reached skill level 1 in Conjurations
   916 | D:2      | Reached XP level 3. HP: 21/21 MP: 4/7
  1232 | D:2      | Found Duhiozxumn's Antique Weapon Boutique.
  1269 | D:2      | Found a faded altar of an unknown god.
  2214 | D:3      | Reached XP level 4. HP: 27/27 MP: 5/8
  2219 | D:3      | Found a runed translucent gate.
  2220 | D:3      | Found a runed translucent gate.
  2221 | D:3      | Found a runed translucent gate.
  2222 | D:3      | Noticed Barneous's ghost (amateur DrWn)
  2288 | D:3      | Noticed Ijyb
  2299 | D:3      | Killed Ijyb
  2516 | D:3      | Found an iron altar of Okawaru.
  2530 | D:3      | Reached XP level 5. HP: 31/31 MP: 3/9
  2541 | D:3      | Reached skill level 1 in Unarmed Combat
  2627 | D:3      | Learned a level 4 spell: Airstrike
  2684 | D:3      | Reached skill level 1 in Short Blades
  2795 | D:4      | Noticed Edmund
  2818 | D:3      | Noticed Robin
  2937 | D:3      | Killed Robin
  2938 | D:3      | Reached skill level 2 in Stealth
  3378 | D:4      | Found a staircase to the Ecumenical Temple.
  3391 | Temple   | Entered the Ecumenical Temple
  3397 | Temple   | Became a worshipper of Sif Muna the Loreminder
  3428 | D:4      | Found a shadowy altar of Dithmenos.
  3492 | D:4      | Killed Edmund
  3493 | D:4      | Reached skill level 3 in Stealth
  3493 | D:4      | Reached XP level 6. HP: 37/37 MP: 8/11
  3546 | D:4      | Learned a level 3 spell: Conjure Flame
  3717 | D:4      | Reached XP level 7. HP: 17/42 MP: 12/12
  4142 | D:4      | Found Tiesh's Jewellery Shop.
  4342 | D:5      | Entered Level 5 of the Dungeon
  4620 | D:5      | Reached skill level 4 in Stealth
  5021 | D:5      | Reached * piety under Sif Muna
  5022 | D:5      | Reached skill level 5 in Stealth
  5022 | D:5      | Reached XP level 8. HP: 47/47 MP: 8/14
  5338 | D:6      | Noticed a hornet
  5347 | D:6      | Killed a hornet
  5348 | D:6      | Reached skill level 1 in Fighting
  5350 | D:6      | Reached skill level 6 in Stealth
  5460 | D:6      | Reached skill level 5 in Conjurations
  5607 | D:6      | Reached skill level 7 in Stealth
  5641 | D:6      | Reached XP level 9. HP: 53/53 MP: 9/15
  5647 | D:6      | Learned a level 4 spell: Flame Wave
  6543 | D:4      | Bought a ring of wizardry for 390 gold pieces
  6618 | D:7      | Reached skill level 5 in Air Magic
  6876 | D:7      | Reached skill level 5 in Spellcasting
  6887 | D:7      | Slain by a sky beast

Illustrated notes

Levels and vault maps discovered:
D:1:      lemuel_arrival_muddy, layout_rooms
D:2:      layout_basic, hellmonk_ecumenical_altar_lost_god, serial_shops, shop,
          minmay_pentomino_s4
D:3:      layout_rooms, mainiacjoe_overflow_tiny_flanked,
          ebering_ghost_rock_garden, nicolae_kite_square_tiling_tiny,
          minmay_misc_feat_nine_boxes, chequers_serial_rivers_micro_c,
          uniq_ijyb, uniq_robin
D:4:      layout_basic, mainiacjoe_overflow_small_starburst,
          minmay_temple_entry_crystal_x, serial_shops, shop_coins, uniq_edmund
D:5:      layout_cave_pools, bh_walls_and_bars
D:6:      layout_gridville
D:7:      layout_rooms, pf_guarded_unrand_meek
D:8:      layout_loops_cross, chequers_decorated_corner
Temple:   dpeg_three_leaves_temple

Skill      XL: |  1  2  3  4  5  6  7  8  9 |
---------------+----------------------------+-----
Conjurations   | 1 2 3 4 5 |  5.7
Unarmed Combat | 2 3 |  3.9
Short Blades   | 1 2 3 4 |  4.2
Stealth        | 3 5 7 |  7.4
Air Magic      | 4 5 |  5.1
Spellcasting   | 4 5 |  5.0
Fighting       | 1 |  1.4
Dodging        | |  3.6
Fire Magic     | |  0.2
Evocations     | |  0.7

Action                   |  1- 3 |  4- 6 |  7- 9 || total
-------------------------+-------+-------+-------++-------
Melee: Dagger            |    26 |    43 |    86 ||   155
       Constrict         |     9 |    10 |    20 ||    39
       Tentacles         |     5 |     8 |    23 ||    36
       Punch             |       |       |     4 ||     4
 Cast: Shock             |    68 |    61 |    86 ||   215
       Foxfire           |     3 |    12 |       ||    15
       Airstrike         |       |     1 |       ||     1
       Flame Wave        |       |       |     1 ||     1
Evoke: Wand              |       |     1 |     2 ||     3
  Use: Scroll            |     6 |     3 |     5 ||    14
       Potion            |     3 |       |     7 ||    10
 Stab: Sleeping          |     1 |     1 |     6 ||     8
       Paralysed         |       |     3 |     1 ||     4
Armor: Skin              |     1 |     4 |    12 ||    17
Dodge: Dodged            |    16 |    23 |    70 ||   109
